Map: Année zéro EC

Players

Zerpflücker - Winner!

  • Race: Protoss Protoss
  • League: Diamond
  • Spawn Location: 1:00

Sorandom

  • Race: Zerg Zerg
  • League: Diamond
  • Spawn Location: 11:00

VOD

Have the link to the VOD?

Description

Time

  • Played on: April 7, 2019, 7:41 p.m.
  • Length: 6:29
Show
View Real Time Build Order
Export as new Build Order

Zerpflücker Protoss - Winner!

Build Orders:  

Get SALT Encoding   

  12  0:01  Probe  
  13  0:17  Pylon  
  13  0:18  Probe  
  14  0:30  Probe  
  15  0:36  Gateway  
  15  0:43  Assimilator  
  15  0:46  Probe  
  16  0:57  Probe  
  17  1:05  Probe  
  18  1:13  Probe  
  19  1:19  Pylon  
  19  1:25  Probe  
  19  1:40  Cybernetics Core  
  19  1:53  Nexus  
  19  2:10  Gateway  
  19  2:11  Adept  
  19  2:15  Probe  
  20  2:19  Assimilator  
  20  2:21  Warp Gate  
  22  2:28  Probe  
  23  2:35  Pylon  
  23  2:53  Adept  
  23  2:54  Robotics Facility  
  25  3:00  Twilight Council  
  25  3:06  Probe  
  25  3:09  Probe  
  27  3:15  Adept  
  29  3:21  Probe  
  29  3:23  Adept  
  30  3:30  Charge, Probe  
  30  3:33  Probe  
  34  3:44  Warp Prism  
  34  3:45  Probe x2  
  38  3:57  Probe  
  39  4:03  Probe  
  41  4:10  Probe  
  41  4:15  Gateway, Probe  
  42  4:18  Pylon  
  42  4:22  Probe  
  42  4:23  Gateway  
  43  4:39  Gateway  
  43  4:41  Gateway  
  43  4:42  Gateway  
  43  4:45  Gateway  
  43  4:51  Gateway  
  43  5:22  Probe  
  43  5:26  Zealot x4  
  43  5:27  Pylon  
  52  5:29  Pylon  
  52  5:32  Warp Prism  
  50  5:52  Zealot x4  
  50  5:53  Zealot x3  
  50  5:54  Zealot x2  
  60  6:14  Adept x2  
  60  6:15  Zealot x3  
  60  6:16  Zealot  
  70  6:24  Pylon  
  70  6:26  Pylon  
  70  6:29  Zealot  
Show
View Real Time Build Order
Export as new Build Order

Sorandom Zerg 

Build Orders: Pool First 

Get SALT Encoding   

  12  0:01  Drone  
  13  0:13  Overlord  
  13  0:18  Drone  
  14  0:31  Drone x2  
  14  0:35  Drone  
  17  0:49  Spawning Pool  
  16  0:51  Drone  
  17  0:58  Drone  
  18  1:33  Overlord  
  18  1:36  Zergling x4  
  18  1:38  Extractor, Hatchery  
  18  1:41  Queen  
  20  1:47  Drone  
  21  1:57  Drone  
  22  2:06  Drone  
  23  2:21  Drone  
  23  2:22  Hatchery  
  23  2:34  Queen  
  23  2:36  Drone  
  26  2:42  Drone  
  27  2:50  Drone  
  28  2:52  Drone  
  28  2:56  Extractor  
  28  3:00  Drone x3  
  28  3:03  Drone  
  32  3:10  Drone  
  33  3:18  Drone  
  33  3:19  Drone  
  35  3:20  Lair  
  35  3:25  Drone  
  36  3:33  Queen  
  38  3:34  Overlord  
  38  3:44  Roach Warren  
  38  3:46  Drone x2  
  39  3:51  Drone x2  
  39  3:52  Drone  
  39  3:55  Drone  
  43  4:04  Drone x4  
  43  4:09  Spore Crawler  
  46  4:17  Spore Crawler, Drone x4  
  46  4:20  Overseer  
  49  4:27  Overlord x2  
  49  4:34  Hydralisk Den  
  49  4:35  Evolution Chamber  
  47  4:39  Evolution Chamber  
  47  4:42  Drone x4  
  50  4:47  Overlord  
  50  4:52  Roach x3  
  56  4:56  Drone x2  
  53  5:07  Roach  
  53  5:08  Roach x3  
  60  5:20  Spore Crawler  
  59  5:25  Spine Crawler  
  58  5:29  Hydralisk x3  
  62  5:47  Hydralisk  
  61  5:50  Drone x3  
  61  5:51  Drone x6  
  66  6:04  Extractor  
  66  6:05  Drone x3  
  66  6:06  Extractor  
Tags
 
Matchup
PvZ
Opening
Pool First
Replay Pack
Pack 2
Spawn Locations
Close Positions
Add a new tag
Caveats
  • Supply blocks, unpowered buildings, or Contaminate may cause inaccurate times.
  • Supply counts are checked every 10 seconds.